 Dungeon Crawl Stone Soup version 0.14-a0-1653-g0ad7a2c (webtiles) character file.

907 M4edhros the Covert (level 7, -3/43 HPs)
             Began as an Octopode Artificer on Dec 27, 2013.
             Shot with an arrow by a centaur (7 damage)
             ... on Level 6 of the Dungeon.
             The game lasted 00:06:55 (5178 turns).

M4edhros the Covert (Octopode Artificer)            Turns: 5178, Time: 00:06:55

HP  -3/43        AC  1     Str 10      XL: 7   Next: 97%
MP  10/10        EV 12     Int 16      God:
Gold 77          SH  0     Dex 13      Spells:  1 memorised,  4 levels left

rFire  . . .     SeeInvis .     a - +0 short sword
rCold  . . .     Clarity  .     (no shield)
rNeg   . . .     Conserve .     (helmet restricted)
rPois  .         rCorr    .     i - amulet of the gourmand
rElec  .         rRot     .     (no ring)
SustAb . .       Spirit   .     (no ring)
rMut   .         Warding  .     (no ring)
Gourm  +         Stasis   .     (no ring)
                                (no ring)
                                (no ring)
                                (no ring)
                                (no ring)

@: mildly poisoned, slightly resistant to hostile enchantments, extraordinarily
stealthy
A: almost no armour, amphibious, 8 rings, constrict 8, camouflage 1, gelatinous
body 1
a: no special abilities


You were on level 6 of the Dungeon.
You were hungry.

You visited 1 branch of the dungeon, and saw 6 of its levels.

You collected 77 gold pieces.

Inventory:

Hand weapons
 a - a +0,+0 short sword (weapon)
Missiles
 y - 7 javelins (quivered)
Magical devices
 b - a wand of flame (3)
 c - a wand of enslavement (9)
 d - a wand of random effects (10)
 t - a wand of frost (11)
 w - a wand of enslavement (13)
 B - a wand of flame (8)
Comestibles
 f - 3 bread rations
 k - a meat ration
Scrolls
 e - 2 scrolls of noise {unknown}
 g - a scroll of amnesia {unknown}
 h - a scroll of blinking {unknown}
 j - 3 scrolls of remove curse {unknown}
 m - 4 scrolls of immolation {unknown}
 o - a scroll of curse weapon {unknown}
 p - 4 scrolls of identify {unknown}
 q - 3 scrolls of teleportation {unknown}
 r - 3 scrolls of enchant armour {unknown}
 u - a scroll of fog {unknown}
 v - 4 scrolls of recharging
 C - a scroll of enchant weapon II {unknown}
Jewellery
 i - an amulet of the gourmand (around mantle)
 n - an uncursed amulet of clarity {unknown}
Potions
 l - a potion of curing
 x - a potion of brilliance
 z - a potion of cure mutation {unknown}
Books
 A - the Disquisition on Igneous Enhancements
   (You found it on level 6 of the Dungeon)

   Spells                             Type                      Level
   Lethal Infusion                    Charms/Necromancy            2
   *Swiftness                         Charms/Air                   2
   Fire Brand                         Charms/Fire                  2
   Ring of Flames                     Charms/Fire                  7
Magical staves
 s - an uncursed staff of air


   Skills:
 - Level 1.0 Fighting
 - Level 1.0 Short Blades
 - Level 2.0 Dodging
 + Level 12.0 Stealth
 - Level 3.2 Evocations


You had 4 spell levels left.
You knew the following spells:

 Your Spells              Type           Power        Failure   Level  Hunger
a - Swiftness             Chrm/Air       #.......     38%         2    ###....


Dungeon Overview and Level Annotations

Branches:
Dungeon (6/16)
 Temple: D:4-7

Altars:

Shops:
D:6 (

Annotations:
D:6 exclusions: 2 doors and 3 orc priests


Innate Abilities, Weirdness & Mutations

You cannot wear most types of armour.
You are amphibious.
You can wear up to eight rings at the same time.
You can use your tentacles to constrict many enemies at once.
Your skin changes colour to match your surroundings (Stlth).
Your rubbery body absorbs attacks (AC +1).


Message History

You hear a splash.
Evoke which item? (* to show all) (? for menu, Esc to quit)
Zapping:
c - a wand of enslavement (11)
Press: ? - help, Shift-Dir - straight line, f - centaur
Aim: a centaur, wielding a bow The centaur resists with significant effort.
This wand has 10 charges left.
* * * LOW HITPOINT WARNING * * *
You feel sick.
The centaur shoots an arrow.
The arrow misses you.
You hear a splash.
A centaur comes into view.
Drink which item? (? for menu, Esc to quit)
Okay, then.
Evoke which item? (* to show all) (? for menu, Esc to quit)
Zapping:
c - a wand of enslavement (10)
Press: ? - help, Shift-Dir - straight line, f/p - centaur
Aim: a centaur, wielding a bow The centaur is charmed.
This wand has 9 charges left.
The centaur shoots an arrow.
The arrow hits you!
You die...

##### #####
≈≈≈≈.........# ####
≈≈≈≈≈≈≈≈......# ###...
..≈≈≈≈≈≈≈≈.....###.....
c....≈≈≈≈≈≈.....##..#...
.c.(..≈≈≈≈≈.....##.##...
#.cc≈≈≈≈≈.....#..##...
#.)(.≈≈≈≈.....'.###...
#...@≈≈......### #...
##..≈≈≈......# #...
#.≈≈≈≈.(....# ####
#.≈≈≈≈######## ≈≈≈≈≈≈.#
≈≈≈≈≈≈#.. # ≈≈###### # #
## #.


You could see 3 centaurs and a friendly centaur.

Vanquished Creatures
  Eustachio (D:6)
  The ghost of M4edhros the Covert, an average OpAr (D:4)
  An ice beast (D:6)
  2 ogres
  2 centaurs (D:6)
  A crimson imp (D:5)
  3 scorpions
  A hound (D:5)
  An iguana (D:6)
  2 worker ants (D:5)
  The ghost of M4edhros the Sneak, a weakling OpAr (D:3)
  5 adders
  An inept feature mimic (D:3)
  2 worms
  2 adder skeletons
  3 giant geckos
  2 oozes
  11 orcs
  2 ball pythons (D:3)
  11 bats
  3 giant cockroaches
  7 goblins
  10 hobgoblins
  5 jackals
  8 kobolds
  4 training dummies (D:6)
  5 giant newts
  A jackal skeleton (D:4)
  A kobold skeleton (D:6)
  5 rats
  A rat skeleton (D:4)
105 creatures vanquished.

Vanquished Creatures (collateral kills)
  2 quokkas (D:4)
2 creatures vanquished.

Grand Total: 107 creatures vanquished

Notes
Turn   | Place    | Note
--------------------------------------------------------------
     0 | D:1      | M4edhros, the Octopode Artificer, began the quest for the Orb.
     0 | D:1      | Reached XP level 1. HP: 13/13 MP: 1/1
   127 | D:1      | Reached XP level 2. HP: 11/18 MP: 3/3
   585 | D:3      | Reached skill level 4 in Stealth
   615 | D:3      | Reached XP level 3. HP: 16/23 MP: 4/4
   727 | D:4      | Noticed M4edhros' ghost (average OpAr)
  1281 | D:3      | Reached skill level 5 in Stealth
  1286 | D:3      | Noticed M4edhros' ghost (weakling OpAr)
  1334 | D:3      | Killed M4edhros' ghost
  1334 | D:3      | Reached XP level 4. HP: 24/28 MP: 6/6
  1651 | D:3      | Reached skill level 6 in Stealth
  1786 | D:4      | Reached XP level 5. HP: 11/33 MP: 7/7
  1790 | D:4      | Killed M4edhros' ghost
  1790 | D:4      | Reached skill level 7 in Stealth
  2003 | D:4      | Reached skill level 8 in Stealth
  2453 | D:4      | Reached XP level 6. HP: 38/38 MP: 9/9
  3148 | D:5      | Entered Level 5 of the Dungeon
  3607 | D:5      | Reached skill level 9 in Stealth
  4054 | D:5      | Reached skill level 10 in Stealth
  4054 | D:5      | Reached XP level 7. HP: 20/43 MP: 10/10
  4940 | D:6      | Noticed Eustachio
  4947 | D:6      | Killed Eustachio
  4947 | D:6      | Reached skill level 11 in Stealth
  5015 | D:6      | Identified the Disquisition on Igneous Enhancements
  5019 | D:6      | Learned a level 2 spell: Swiftness
  5070 | D:6      | Found Twashoho's Antique Weapon Boutique.
  5088 | D:6      | Reached skill level 12 in Stealth
  5178 | D:6      | Shot with an arrow by a centaur

Action                   |  1- 3 |  4- 6 |  7- 9 || total
-------------------------+-------+-------+-------++-------
Melee: Short sword       |    76 |   143 |    47 ||   266
Evoke: Wand              |     7 |     7 |    10 ||    24
  Use: Potion            |     3 |     5 |       ||     8
 Stab: Sleeping          |     7 |    10 |     9 ||    26
       Paralysed         |     2 |       |       ||     2
       Distracted        |       |     1 |       ||     1
